[Event "Titled Tuesday Blitz July 05 Late 2022"]
[White "Freitag, Manfred"]
[Black "Samsonkin, Artiom"]
[WhiteFideId "1602004"]
[BlackFideId "13503111"]
[WhiteElo "2292"]
[BlackElo "2513"]
[Result "1/2-1/2"]
[Round "11"]
[TimeControl "180+1"]
[Date "2022.07.05"]
[WhiteClock "0:00:47"]
[BlackClock "0:00:11"]

1. e4 d5 2. exd5 Qxd5 3. Nc3 Qa5 4. d4 Nf6 5. Nf3 Bg4 6. h3 Bxf3 7. Qxf3 c6 8. Bc4 e6 9. O-O Nbd7 10. Bb3 Be7 11. Bd2 Qb6 12. Be3 Qa5 13. Rfd1 O-O 14. Ne4 Nxe4 15. Qxe4 Nf6 16. Qd3 Rad8 17. c3 c5 18. Qe2 Qc7 19. dxc5 Bxc5 20. Bg5 Be7 21. Bc2 h6 22. Be3 Bc5 23. Qf3 Bxe3 24. Qxe3 b6 25. Bb3 Rxd1+ 26. Rxd1 Rd8 27. Rd4 Rxd4 28. Qxd4 e5 29. Qd3 Qe7 30. a4 e4 31. Qd4 Nh5 32. Bd5 Nf4 33. Qxe4 Nxd5 34. Qxd5 Qe1+ 35. Kh2 Qxf2 36. Qa8+ Kh7 37. Qxa7 Qxb2 38. Qxf7 Qxc3 39. Qf5+ Kh8 40. Qb5 Qc7+ 41. Kg1 Qc1+ 42. Kf2 Qf4+ 43. Ke2 Qg3 44. Qe8+ Kh7 45. Qe4+ Kh8 46. Kd2 Qb3 47. Qe8+ Kh7 48. Qe4+ Kh8 49. Qe8+ Kh7 50. Qe4+ Kg8 51. Qe8+ Kh7 1/2-1/2


[Site "https://www.chess.com"]

[Event "Titled Tuesday Blitz July 05 Late 2022"]
[White "Goncalves, Davi Sulzbacher"]
[Black "Fishbein, Alexander"]
[WhiteFideId "2154510"]
[BlackFideId "2000377"]
[WhiteElo "2107"]
[BlackElo "2410"]
[Result "0-1"]
[Round "11"]
[TimeControl "180+1"]
[Date "2022.07.05"]
[WhiteClock "0:01:42"]
[BlackClock "0:01:43"]

1. d4 Nf6 2. c4 a6 3. Nc3 b5 4. cxb5 axb5 5. Nxb5 e5 6. dxe5 Ne4 7. Nc3 Bb4 8. Qd4 Ra4 9. Kd1 Bxc3 10. Qxa4 Nxf2+ 11. Kc2 Bxe5 12. Nf3 Bf6 13. Rg1 O-O 14. e4 d5 15. e5 Bf5+ 16. Kd2 Ne4+ 17. Ke1 Be7 18. Nd4 Bd7 19. Qb3 Nc6 20. Qxd5 Bb4+ 0-1


[Site "https://www.chess.com"]

[Event "Titled Tuesday Blitz July 05 Late 2022"]
[White "Gong, Patrick"]
[Black "Kamsky, Gata"]
[WhiteFideId "3222500"]
[BlackFideId "2000024"]
[WhiteElo "2103"]
[BlackElo "2645"]
[Result "0-1"]
[Round "11"]
[TimeControl "180+1"]
[Date "2022.07.05"]
[WhiteClock "0:00:22"]
[BlackClock "0:01:08"]

1. e4 e5 2. Nf3 Nc6 3. Nc3 Nf6 4. d4 exd4 5. Nxd4 Bb4 6. Nxc6 bxc6 7. Bd3 O-O 8. O-O d5 9. exd5 cxd5 10. h3 c6 11. Qf3 a5 12. a3 Bd6 13. Re1 Rb8 14. Rb1 h6 15. Bf4 Be6 16. Ne2 c5 17. c4 dxc4 18. Bc2 Bd5 19. Qc3 Re8 20. Bxd6 Qxd6 21. Ng3 g6 22. Ba4 Rxe1+ 23. Rxe1 Qf4 24. Rd1 h5 25. Nf1 Ne4 26. Qe3 Qxe3 27. Nxe3 Be6 28. f3 Ng3 29. Rd2 h4 30. Bc6 Rb3 31. Kf2 c3 32. bxc3 Rxa3 33. c4 Kg7 34. Bd5 Rxe3 35. Kxe3 Nf1+ 0-1


[Site "https://www.chess.com"]

[Event "Titled Tuesday Blitz July 05 Late 2022"]
[White "Gubajdullin, Alexei"]
[Black "Cardoso Cardoso, Jose Gabriel"]
[WhiteFideId "4141202"]
[BlackFideId "4430492"]
[WhiteElo "2190"]
[BlackElo "2485"]
[Result "1-0"]
[Round "11"]
[TimeControl "180+1"]
[Date "2022.07.05"]
[WhiteClock "0:00:26"]
[BlackClock "0:00:32"]

1. c4 a6 2. g3 b5 3. Bg2 c6 4. d3 g6 5. Nf3 Bg7 6. O-O Nf6 7. a4 b4 8. a5 c5 9. Nbd2 Nc6 10. Nb3 d6 11. Ne5 Nxe5 12. Bxa8 h5 13. f4 Ned7 14. h3 O-O 15. Bg2 Nb8 16. e4 Nfd7 17. Rf2 Nc6 18. Be3 Nd4 19. Bxd4 cxd4 20. Rc2 Nc5 21. Nxc5 dxc5 22. e5 Bh6 23. h4 Bg4 24. Bf3 Qd7 25. Bxg4 Qxg4 26. Qxg4 hxg4 27. h5 Kg7 28. hxg6 fxg6 29. Kg2 Rf5 30. Re2 e6 31. b3 Kg8 32. Rh1 Rh5 33. Rxh5 gxh5 34. f5 exf5 35. e6 Be3 36. Re1 h4 37. gxh4 f4 38. h5 Kf8 39. Rh1 f3+ 40. Kg3 Ke7 41. h6 1-0


[Site "https://www.chess.com"]

[Event "Titled Tuesday Blitz July 05 Late 2022"]
[White "Hakobyan, Aram"]
[Black "Fedoseev, Vladimir"]
[WhiteFideId "13306677"]
[BlackFideId "24130737"]
[WhiteElo "2557"]
[BlackElo "2726"]
[Result "1-0"]
[Round "11"]
[TimeControl "180+1"]
[Date "2022.07.05"]
[WhiteClock "0:00:06"]
[BlackClock "0:00:06"]

1. e4 c5 2. Nf3 d6 3. Bb5+ Bd7 4. Bxd7+ Nxd7 5. O-O Ngf6 6. Qe2 e6 7. c3 Be7 8. d4 O-O 9. e5 Ne8 10. Rd1 Qc7 11. Bf4 Nb6 12. Nbd2 Nd5 13. Bg3 cxd4 14. cxd4 Rd8 15. Rac1 Qa5 16. a3 dxe5 17. dxe5 Nec7 18. Ne4 Qb5 19. Qc2 h6 20. h3 Rd7 21. Nd6 Qa6 22. Nd4 Rfd8 23. Nb3 b6 24. Ne4 Nb5 25. Qe2 Qa4 26. Nbd2 Nd4 27. Qg4 b5 28. Re1 Nf5 29. Nf3 Kf8 30. Nh4 Nxg3 31. Qxg3 Qd4 32. Nf3 Qxb2 33. Nd6 Qxa3 34. Nxb5 Qa4 35. Nbd4 Bb4 36. Re4 Nc3 37. Rxc3 Qa1+ 38. Kh2 Qxc3 39. Ne2 Qc2 40. Rxb4 Qxe2 41. Rg4 g6 42. Qf4 Kg7 43. Rh4 Rh8 44. Ng5 Qd3 45. Qf6+ Kg8 46. Rb4 1-0


[Site "https://www.chess.com"]

[Event "Titled Tuesday Blitz July 05 Late 2022"]
[White "Hansen, Eric"]
[Black "Raja Rithvik R"]
[WhiteFideId "2606771"]
[BlackFideId "35007394"]
[WhiteElo "2568"]
[BlackElo "2255"]
[Result "1-0"]
[Round "11"]
[TimeControl "180+1"]
[Date "2022.07.05"]
[WhiteClock "0:01:08"]
[BlackClock "0:00:06"]

1. b3 e5 2. Bb2 Nc6 3. h3 g6 4. g3 Bg7 5. Bg2 Nge7 6. e3 O-O 7. d3 d5 8. Ne2 Be6 9. Nd2 Qd7 10. a3 a5 11. Qc1 f5 12. Nf3 h6 13. d4 e4 14. Nd2 a4 15. c4 axb3 16. Nxb3 b6 17. cxd5 Nxd5 18. Nd2 Na5 19. O-O g5 20. Nc3 c6 21. Qc2 b5 22. Kh2 Rac8 23. Rac1 Nb6 24. Ra1 c5 25. d5 Nxd5 26. Nxd5 Bxd5 27. Bxg7 Qxg7 28. Rab1 b4 29. axb4 cxb4 30. Qa4 Nc6 31. Rfc1 Qb7 32. Nc4 Ra8 33. Qc2 Rfd8 34. g4 Rac8 35. Qa4 fxg4 36. hxg4 Qd7 37. Kg1 Qxg4 38. Nb6 Qe6 39. Nxc8 Rxc8 40. Qa6 Rb8 41. Rc5 b3 42. Rb5 Rxb5 43. Qxb5 Ne5 44. Rd1 Bc6 45. Qb8+ Kg7 46. Qc7+ Kg6 47. Rd6 Qxd6 48. Qxd6+ Kf5 49. Qf8+ Kg6 50. Qg8+ Kf6 51. Qxb3 Nf3+ 52. Bxf3 1-0


[Site "https://www.chess.com"]

[Event "Titled Tuesday Blitz July 05 Late 2022"]
[White "Hardaway, Brewington"]
[Black "Ladopoulos, Dimitrios"]
[WhiteFideId "30941849"]
[BlackFideId "4239580"]
[WhiteElo "1813"]
[BlackElo "2195"]
[Result "1-0"]
[Round "11"]
[TimeControl "180+1"]
[Date "2022.07.05"]
[WhiteClock "0:00:10"]
[BlackClock "0:00:01"]

1. e4 c5 2. Nf3 e6 3. d4 cxd4 4. Nxd4 Nf6 5. Nc3 d6 6. Be2 Nc6 7. Be3 a6 8. Qd2 Qc7 9. O-O-O Ne5 10. f4 Nc4 11. Bxc4 Qxc4 12. e5 dxe5 13. Nc6 Bd7 14. Nxe5 Qc7 15. g4 Bb4 16. Nxd7 Nxd7 17. Bd4 O-O 18. a3 Bc5 19. Kb1 Rfd8 20. Qf2 Bxd4 21. Rxd4 b5 22. f5 e5 23. Rd5 Nb6 24. Rxd8+ Rxd8 25. f6 Nc4 26. Ka2 Rd2 27. Qf5 gxf6 28. Rc1 Rd4 29. Ne4 Qc6 30. Nxf6+ Kf8 31. Nxh7+ Ke7 32. Ng5 f6 33. Qh7+ Kd8 34. Nf7+ Kc8 35. Qg8+ Kc7 36. Qg7 Kb6 37. g5 fxg5 38. Nxe5 Qe6 39. Nxc4+ Rxc4 40. Kb1 Rc5 41. Qd4 Kc6 42. Rd1 Kb6 43. b4 1-0


[Site "https://www.chess.com"]

[Event "Titled Tuesday Blitz July 05 Late 2022"]
[White "Iliaguev, Nisim"]
[Black "Martinez Alcantara, Jose Eduardo"]
[WhiteFideId "2817276"]
[BlackFideId "3805662"]
[WhiteElo "2107"]
[BlackElo "2703"]
[Result "0-1"]
[Round "11"]
[TimeControl "180+1"]
[Date "2022.07.05"]
[WhiteClock "0:01:43"]
[BlackClock "0:01:38"]

1. d4 Nf6 2. Nf3 e6 3. g3 b5 4. Bg2 Bb7 5. O-O Be7 6. a4 b4 7. a5 O-O 8. c3 bxc3 9. bxc3 d5 10. Ba3 Bxa3 11. Nxa3 c5 12. Nc2 Nbd7 13. a6 Bc6 14. Ne5 Nxe5 15. dxe5 Nd7 16. f4 Nb6 17. Ne3 Qc7 18. Qd2 Rad8 19. Rfc1 Bb5 20. Qb2 Bc6 21. Qa3 Ba8 22. Rab1 Rc8 23. Qa5 Rfd8 24. h4 Qe7 25. Kh2 Bc6 26. Rb2 h6 27. Rd2 Qe8 28. Nd1 Nc4 29. Qa2 Nxd2 30. Qxd2 Bb5 31. Ra1 d4 32. Nb2 dxc3 33. Qxc3 Bxe2 34. Ra5 Qe7 35. Na4 c4 36. Qe3 Bd3 37. Qxa7 Qxa7 0-1


[Site "https://www.chess.com"]

[Event "Titled Tuesday Blitz July 05 Late 2022"]
[White "Janaszak, Dawid"]
[Black "Navarrete Mendez, Gonzalo Alberto"]
[WhiteFideId "1119206"]
[BlackFideId "5106850"]
[WhiteElo "2199"]
[BlackElo "2261"]
[Result "0-1"]
[Round "11"]
[TimeControl "180+1"]
[Date "2022.07.05"]
[WhiteClock "0:00:19"]
[BlackClock "0:01:23"]

1. e4 e5 2. Bc4 Nf6 3. d3 Nc6 4. Nc3 Bc5 5. Na4 Be7 6. f4 d5 7. exd5 Nxd5 8. fxe5 Nxe5 9. Nf3 Bg4 10. Qe2 Nxf3+ 11. gxf3 Be6 12. Be3 Bh4+ 13. Kd1 O-O 14. Bxd5 Bxd5 15. Nc3 Bc6 16. Rg1 Re8 17. Qg2 g6 18. Ne4 f5 19. Bg5 Bxg5 20. Nxg5 Qd4 21. Nxh7 Bxf3+ 22. Qxf3 Qxg1+ 23. Kd2 Qxa1 24. Ng5 Qe1# 0-1


[Site "https://www.chess.com"]

[Event "Titled Tuesday Blitz July 05 Late 2022"]
[White "Kopczynski, Michal"]
[Black "Doluhanova, Evgeniya"]
[WhiteFideId "1124200"]
[BlackFideId "14112035"]
[WhiteElo "2235"]
[BlackElo "2076"]
[Result "1-0"]
[Round "11"]
[TimeControl "180+1"]
[Date "2022.07.06"]
[WhiteClock "0:00:19"]
[BlackClock "0:00:14"]

1. e4 c5 2. d4 cxd4 3. c3 d3 4. Bxd3 g6 5. f4 Bg7 6. Nf3 Nc6 7. O-O d6 8. Qe1 Nf6 9. Kh1 O-O 10. Be3 Bg4 11. Nbd2 a6 12. Qh4 Qd7 13. h3 Bxf3 14. Nxf3 Nh5 15. g4 Nf6 16. Rad1 h5 17. e5 Nd5 18. Bc1 dxe5 19. gxh5 Nxf4 20. Bxf4 exf4 21. hxg6 Rfd8 22. gxf7+ Kf8 23. Ng5 Qd5+ 24. Be4 Qxd1 25. Rxd1 Rxd1+ 26. Kg2 Rd2+ 27. Kf1 Ne5 28. Qxf4 Rd1+ 29. Ke2 1-0


[Site "https://www.chess.com"]

[Event "Titled Tuesday Blitz July 05 Late 2022"]
[White "Ladan, Nicholas"]
[Black "Martin Carmona, Gaston Manuel"]
[WhiteFideId "30918855"]
[BlackFideId "22284567"]
[WhiteElo "2167"]
[BlackElo "2162"]
[Result "1-0"]
[Round "11"]
[TimeControl "180+1"]
[Date "2022.07.06"]
[WhiteClock "0:00:51"]
[BlackClock "0:01:17"]

1. d4 Nf6 2. Nf3 g6 3. g3 Bg7 4. Bg2 O-O 5. O-O d6 6. c4 Nc6 7. Nc3 e5 8. dxe5 dxe5 9. Qxd8 Rxd8 10. Bg5 Be6 11. Nd2 h6 12. Bxf6 Rxd2 13. Bxg7 Kxg7 14. b3 Nd4 15. Rfd1 Nxe2+ 16. Nxe2 Rxe2 17. Bf3 Rb2 18. Bxb7 Rb8 19. Bd5 Kf6 20. Bxe6 Kxe6 21. Rd5 c6 22. Ra5 Rd8 23. Re1 f6 24. Ra6 Rdd2 25. Rxc6+ Kf5 26. g4+ Kg5 27. h4+ Kxh4 28. Rxf6 Rxa2 29. Rxe5 Kxg4 30. Rxg6+ Kf4 31. Re8 h5 32. Rf6+ Kg5 33. Rf3 a5 34. Rg8+ Kh6 35. Rfg3 Rxf2 36. Rh8# 1-0


[Site "https://www.chess.com"]

[Event "Titled Tuesday Blitz July 05 Late 2022"]
[White "Lashkin, Jegor"]
[Black "Bilych, Olexiy"]
[WhiteFideId "13907808"]
[BlackFideId "14156504"]
[WhiteElo "2368"]
[BlackElo "2189"]
[Result "1-0"]
[Round "11"]
[TimeControl "180+1"]
[Date "2022.07.05"]
[WhiteClock "0:00:05"]
[BlackClock "0:00:03"]

1. d4 Nf6 2. c4 e6 3. Nf3 d5 4. Nc3 c5 5. cxd5 cxd4 6. Qxd4 exd5 7. Bg5 Be7 8. e3 O-O 9. Be2 Be6 10. O-O Nc6 11. Qd3 h6 12. Bh4 Qb6 13. Bxf6 Bxf6 14. Nxd5 Bxd5 15. Qxd5 Qxb2 16. Bc4 Rad8 17. Qh5 b6 18. Rab1 Qa3 19. h4 Qd6 20. Rbd1 Qe7 21. g3 Rc8 22. Bd5 Ne5 23. Nd4 Rc5 24. e4 Kh7 25. Nf5 Qc7 26. Bb3 Nc4 27. Qf3 b5 28. Ne3 Nxe3 29. Qxe3 a5 30. Bd5 Rc3 31. Qe2 b4 32. Kg2 a4 33. Qb5 Rb8 34. Qxa4 Be5 35. f4 Rc2+ 36. Rf2 Rxf2+ 37. Kxf2 Qc5+ 38. Kg2 Bc3 39. Qc2 Kg8 40. Qe2 Re8 41. Qh5 Re7 42. Qg4 Qd6 43. Qf3 g6 44. Bxf7+ Kxf7 45. Rxd6 1-0


[Site "https://www.chess.com"]

[Event "Titled Tuesday Blitz July 05 Late 2022"]
[White "Leiva, Gianmarco"]
[Black "Pakleza, Zbigniew"]
[WhiteFideId "3804399"]
[BlackFideId "1119290"]
[WhiteElo "2323"]
[BlackElo "2467"]
[Result "0-1"]
[Round "11"]
[TimeControl "180+1"]
[Date "2022.07.05"]
[WhiteClock "0:00:13"]
[BlackClock "0:00:13"]

1. e4 d6 2. Nf3 Nf6 3. Nc3 Bg4 4. d4 e6 5. Be2 Be7 6. Be3 d5 7. e5 Nfd7 8. Nd2 Bxe2 9. Nxe2 c5 10. c3 Nc6 11. O-O O-O 12. Nf3 Qb6 13. Rb1 Rfc8 14. dxc5 Bxc5 15. Bd4 Qc7 16. Nf4 Ncxe5 17. Nxe5 Nxe5 18. Nh5 Bf8 19. f4 Nc6 20. f5 Nxd4 21. cxd4 exf5 22. Rxf5 Qc2 23. Rxd5 Qc4 24. Rg5 Rc6 25. Qg4 Rg6 26. Rxg6 hxg6 27. Ng3 Qxa2 28. Rf1 Rd8 29. Qf3 Qd5 30. Qxd5 Rxd5 31. Ne2 a5 32. Rc1 Rd8 33. Kf2 Bd6 34. Ke3 Kf8 35. Kd3 Ke7 36. h3 Kd7 37. Nc3 Re8 38. Ne4 Be7 39. Rf1 f6 40. Nc3 Bb4 41. Nd5 Bd6 42. Ra1 Bc7 43. Nxc7 Kxc7 44. Rxa5 Re1 45. Rc5+ Kd6 46. Rb5 Kc6 47. Rc5+ Kb6 48. Rd5 Rg1 49. Rd7 Rxg2 50. Rxg7 g5 51. b4 Rg3+ 52. Ke4 Rxh3 53. Rg6 Kb5 54. Rxf6 g4 55. Kf4 Rd3 56. Kxg4 Rxd4+ 57. Kf5 Rxb4 58. Ke5 Rc4 59. Kd5 Rc1 60. Rf2 Rd1+ 61. Ke4 b6 62. Ke3 Ka5 63. Ra2+ Kb4 64. Ke2 Rd6 65. Rb2+ Ka3 66. Rb5 Ka4 67. Rb1 b5 68. Ra1+ Kb4 69. Rc1 Ka4 70. Rb1 b4 71. Rd1 Rxd1 72. Kxd1 Kb3 73. Kc1 Ka2 74. Kd2 b3 75. Kc3 b2 76. Kc4 b1=Q 77. Kd5 Qb3+ 78. Kd6 Ka3 79. Ke7 Qb4+ 80. Kf7 Qb6 81. Kg7 Kb4 82. Kh8 Kc5 83. Kg8 Qc7 0-1


[Site "https://www.chess.com"]

[Event "Titled Tuesday Blitz July 05 Late 2022"]
[White "Madaminov, Mukhiddin"]
[Black "Barria Santos, Jose Guilherme"]
[WhiteFideId "14210703"]
[BlackFideId "1939300"]
[WhiteElo "2011"]
[BlackElo "2263"]
[Result "1-0"]
[Round "11"]
[TimeControl "180+1"]
[Date "2022.07.05"]
[WhiteClock "0:00:33"]
[BlackClock "0:00:09"]

1. d4 Nf6 2. Nc3 d5 3. Bf4 c6 4. e3 Bf5 5. f3 h6 6. g4 Bh7 7. h4 g5 8. Bg3 Nbd7 9. Bd3 Bxd3 10. Qxd3 Bg7 11. O-O-O b5 12. hxg5 hxg5 13. Rxh8+ Bxh8 14. Nh3 b4 15. Ne2 Qa5 16. Kb1 c5 17. Nxg5 c4 18. Qf5 b3 19. cxb3 cxb3 20. a3 e6 21. Nxe6 fxe6 22. Qxe6+ Kd8 23. Rh1 Bg7 24. Qf7 Bf8 25. Nf4 Kc8 26. g5 Bxa3 27. Rc1+ Bc5 28. Rxc5+ Nxc5 29. Qf8+ Kb7 30. Qe7+ Nfd7 31. dxc5 Qa2+ 32. Kc1 Qa1+ 33. Kd2 Qxb2+ 34. Ke1 Qc1+ 35. Kf2 Qxc5 36. Qxd7+ Ka6 37. Qa4+ Qa5 38. Qxb3 Rc8 39. Qd3+ Kb7 40. Qxd5+ Qxd5 41. Nxd5 a5 42. e4 a4 43. g6 a3 44. g7 a2 45. Be5 Re8 46. Ba1 Kc6 47. g8=Q Rxg8 48. Ne7+ Kb5 49. Nxg8 Kc4 50. Nf6 Kb3 51. Nd5 Kc2 52. Ke3 Kb1 53. Bd4 Kc2 54. e5 Kb3 55. e6 Kc2 56. e7 a1=Q 57. Bxa1 1-0


[Site "https://www.chess.com"]

[Event "Titled Tuesday Blitz July 05 Late 2022"]
[White "Maghsoodloo, Parham"]
[Black "Halkias, Stelios"]
[WhiteFideId "12539929"]
[BlackFideId "4201809"]
[WhiteElo "2607"]
[BlackElo "2453"]
[Result "0-1"]
[Round "11"]
[TimeControl "180+1"]
[Date "2022.07.05"]
[WhiteClock "0:00:23"]
[BlackClock "0:00:22"]

1. e4 c5 2. d4 cxd4 3. c3 dxc3 4. Nxc3 e6 5. Nf3 Nc6 6. Bb5 Bb4 7. O-O Nge7 8. Qe2 O-O 9. Rd1 d5 10. Bf4 Bxc3 11. bxc3 Qa5 12. Bd6 Rd8 13. e5 Nf5 14. Bc5 a6 15. Bxc6 bxc6 16. Bb4 Qc7 17. g4 Ne7 18. Bc5 Ng6 19. Qe3 a5 20. h4 f6 21. Bb6 Qe7 22. h5 Nxe5 23. Nxe5 fxe5 24. Bxd8 Qxd8 25. Qxe5 Qh4 26. Rd4 Qf6 27. Qc7 e5 28. Re1 e4 29. Rexe4 Ba6 30. Rf4 Qe6 31. Rf7 Qxf7 32. Qxc6 Bb7 33. Qd6 Re8 34. Rf4 Qe7 35. Qb6 d4 36. Qxd4 Qe1+ 37. Kh2 Qh1+ 38. Kg3 Qg2+ 39. Kh4 h6 40. Qc4+ Kh8 41. Qd3 Qh2+ 42. Qh3 Qxf4 0-1


[Site "https://www.chess.com"]

[Event "Titled Tuesday Blitz July 05 Late 2022"]
[White "Makarian, Rudik"]
[Black "Ibarra Jerez, Jose Carlos"]
[WhiteFideId "44105681"]
[BlackFideId "2226332"]
[WhiteElo "2403"]
[BlackElo "2628"]
[Result "0-1"]
[Round "11"]
[TimeControl "180+1"]
[Date "2022.07.05"]
[WhiteClock "0:00:07"]
[BlackClock "0:00:11"]

1. d4 Nf6 2. Bg5 d5 3. Bxf6 gxf6 4. e3 c5 5. dxc5 e6 6. Nf3 Bxc5 7. Nbd2 f5 8. Bd3 O-O 9. O-O Qf6 10. c3 Nc6 11. Nd4 e5 12. N4b3 Bb6 13. c4 Be6 14. cxd5 Bxd5 15. e4 fxe4 16. Nxe4 Qg7 17. Ng3 Rad8 18. Qb1 Ne7 19. Be4 f5 20. Bxd5+ Rxd5 21. a4 a5 22. Qc2 Qg4 23. Rad1 Rxd1 24. Rxd1 Rc8 25. Qd3 Rd8 26. Qxd8+ Bxd8 27. Rxd8+ Kf7 28. h3 Qxa4 29. Nc5 Qa1+ 30. Kh2 Qxb2 31. Nd3 Qc3 32. Ne2 Qc7 33. Rd7 Qxd7 34. Nxe5+ Ke6 35. Nxd7 Kxd7 36. g4 b5 37. g5 b4 38. h4 a4 39. h5 b3 40. g6 h6 41. g7 a3 42. Nd4 b2 43. Nxf5 Ng8 44. Nxh6 Nxh6 45. g8=Q Nxg8 0-1


[Site "https://www.chess.com"]

[Event "Titled Tuesday Blitz July 05 Late 2022"]
[White "Manukian, Artak"]
[Black "Tikhonov, Viacheslav"]
[WhiteFideId "13301373"]
[BlackFideId "44196407"]
[WhiteElo "2443"]
[BlackElo "1839"]
[Result "1/2-1/2"]
[Round "11"]
[TimeControl "180+1"]
[Date "2022.07.06"]
[WhiteClock "0:00:08"]
[BlackClock "0:00:11"]

1. e4 e6 2. d4 d5 3. e5 c5 4. c3 Nc6 5. Nf3 Qb6 6. a3 Nh6 7. b4 cxd4 8. Bxh6 gxh6 9. cxd4 Bd7 10. Nc3 Ne7 11. Na4 Bxa4 12. Qxa4+ Nc6 13. Bb5 Be7 14. O-O a6 15. Bxc6+ Qxc6 16. Qxc6+ bxc6 17. Rac1 Kd7 18. Rc3 a5 19. Rfc1 Rhc8 20. Kf1 axb4 21. axb4 Bxb4 22. Rb3 Be7 23. Ne1 Rcb8 24. Rf3 Ke8 25. Rh3 Rc8 26. Rb1 Kf8 27. Rxh6 Kg7 28. Rh3 Ra7 29. Rg3+ Kf8 30. Rh3 Kg8 31. Rg3+ Kh8 32. Rc3 Rac7 33. f4 c5 34. dxc5 Bxc5 35. Rbc1 Bb6 36. Rxc7 Rxc7 37. Rxc7 Bxc7 38. Ke2 f6 39. Nf3 fxe5 40. fxe5 h6 41. Ke3 Kg7 42. Kf4 Kg6 43. g4 Kf7 44. h4 Bd8 45. h5 Be7 46. Ke3 Bc5+ 47. Kf4 Be7 48. Ke3 Bc5+ 49. Kf4 Ba3 50. Nd4 Bc1+ 51. Kf3 Bb2 52. Ke3 Bxd4+ 53. Kxd4 Ke7 54. Kc5 Kf7 55. Kd4 Kg7 56. Kc5 Kf7 57. Kd4 1/2-1/2


[Site "https://www.chess.com"]

[Event "Titled Tuesday Blitz July 05 Late 2022"]
[White "Matsuura, Frederico"]
[Black "Shuvalova, Polina"]
[WhiteFideId "2107848"]
[BlackFideId "24171760"]
[WhiteElo "2302"]
[BlackElo "2330"]
[Result "1-0"]
[Round "11"]
[TimeControl "180+1"]
[Date "2022.07.05"]
[WhiteClock "0:01:36"]
[BlackClock "0:01:36"]

1. d4 Nf6 2. Bg5 Ne4 3. Bh4 d5 4. f3 Nd6 5. Nc3 c6 6. e4 dxe4 7. fxe4 g6 8. Qd2 Bg7 9. O-O-O O-O 10. Nf3 Nd7 11. Kb1 b5 12. e5 Nf5 13. Bf2 e6 14. g4 Ne7 15. Bh4 Nb6 16. Ne4 Nbd5 17. Bd3 a5 18. Bg5 Kh8 19. h4 a4 20. h5 Kg8 21. Bh6 Bh8 22. Nfg5 Bg7 23. Bxg7 Kxg7 24. hxg6 fxg6 25. Rxh7+ Kg8 26. Qh2 1-0


[Site "https://www.chess.com"]

[Event "Titled Tuesday Blitz July 05 Late 2022"]
[White "Mikhalsky, Vladimir"]
[Black "Arabidze, Meri"]
[WhiteFideId "14144352"]
[BlackFideId "13604040"]
[WhiteElo "2301"]
[BlackElo "2335"]
[Result "1-0"]
[Round "11"]
[TimeControl "180+1"]
[Date "2022.07.05"]
[WhiteClock "0:00:42"]
[BlackClock "0:00:12"]

1. d4 f5 2. Nc3 Nf6 3. Bg5 d5 4. e3 c6 5. h4 Be6 6. h5 Nbd7 7. h6 g6 8. Nh3 Bf7 9. Nf4 Qb6 10. Rb1 Ne4 11. Nxe4 dxe4 12. c4 e5 13. Ne2 Bb4+ 14. Nc3 exd4 15. Qxd4 Qxd4 16. exd4 O-O 17. a3 Ba5 18. b4 Bc7 19. c5 Bd8 20. Be3 Nf6 21. Be2 Nd5 22. Nxd5 Bxd5 23. g3 b6 24. Bf4 a5 25. b5 cxb5 26. Rxb5 Bc6 27. Bc4+ Kh8 28. Rxb6 Rc8 29. Be5+ Bf6 30. Bxf6+ Rxf6 31. d5 g5 32. O-O Rxh6 33. dxc6 Rhxc6 34. Be6 R8c7 35. Bxf5 Rxc5 36. Bxe4 Rc3 37. Ra1 Kg7 38. Rb7 h5 39. Rxc7+ Rxc7 40. a4 Kf6 41. Bd3 Ke5 42. Re1+ Kd4 43. Bb5 h4 44. Kg2 Rc3 45. Rd1+ Kc5 46. Rd8 hxg3 47. fxg3 Kb4 48. g4 Rc2+ 49. Kf3 Rc3+ 50. Ke4 Rc5 51. Rd4+ Ka3 52. Rd5 1-0


[Site "https://www.chess.com"]

[Event "Titled Tuesday Blitz July 05 Late 2022"]
[White "Olenik Campa, Rudi"]
[Black "Tokhirjonova, Gulrukhbegim"]
[WhiteFideId "14633264"]
[BlackFideId "14203626"]
[WhiteElo "2066"]
[BlackElo "2227"]
[Result "0-1"]
[Round "11"]
[TimeControl "180+1"]
[Date "2022.07.05"]
[WhiteClock "0:00:07"]
[BlackClock "0:01:12"]

1. e4 e5 2. Nf3 Nc6 3. Bc4 Nf6 4. d3 Bc5 5. O-O O-O 6. c3 d6 7. a4 a6 8. h3 h6 9. Re1 Ba7 10. Nbd2 Re8 11. Nf1 Be6 12. Bxe6 Rxe6 13. Be3 d5 14. Bxa7 Rxa7 15. exd5 Nxd5 16. Ng3 Nf4 17. Re3 Ra8 18. a5 Qd5 19. Qe1 Nxd3 20. Qd2 Nf4 21. Rd1 Rd8 22. Qxd5 Rxd5 23. Rxd5 Nxd5 24. Rd3 Nf6 25. Nh4 Nxa5 26. Nhf5 Nc6 27. f3 Kh7 28. Ne3 e4 29. fxe4 Nxe4 30. Nxe4 Rxe4 31. Nd5 Ne5 32. Rd2 c6 33. Nb6 f5 34. Nc8 Re1+ 35. Kf2 Rb1 36. Nd6 Kg6 37. Kg3 Kf6 38. Nxb7 Nc4 39. Rd4 Rxb2 40. Nc5 Ne3 41. Nxa6 Nxg2 42. Rd6+ Ke5 43. Rxc6 f4+ 44. Kf3 Nh4+ 45. Kg4 Ng2 46. Nc5 Kd5 47. Rc7 g5 48. Nd3 Ne3+ 49. Kf3 Rh2 50. Rc5+ Kd6 51. Ke4 Rxh3 52. Ra5 Nd1 53. Ra6+ Kc7 54. c4 Nc3+ 55. Kd4 Ne2+ 56. Ke4 Re3+ 57. Kd5 Rxd3+ 58. Kc5 Rh3 59. Ra7+ Kd8 60. Kd6 Ke8 61. c5 Nd4 62. Kd5 Nf5 63. Ke6 Nd4+ 64. Kd5 Nb5 65. Ra8+ Kf7 66. Kc6 Nd4+ 67. Kd5 Ne6 68. Ra7+ Kf6 69. Ra6 Rd3+ 70. Ke4 Rd4+ 71. Kf3 Rc4 72. c6 Kf5 73. Ra5+ Kg6 74. Ra6 Nd4+ 75. Ke4 Rxc6 76. Ra8 Nf5 77. Rg8+ Ng7 78. Ra8 Rc3 79. Ra6+ Kh5 80. Ra7 Ne6 81. Re7 Re3+ 82. Kf5 Nd4+ 83. Kf6 Rxe7 84. Kxe7 f3 85. Kf6 f2 86. Kg7 f1=Q 87. Kg8 Kg6 88. Kh8 Qf8# 0-1


[Site "https://www.chess.com"]

[Event "Titled Tuesday Blitz July 05 Late 2022"]
[White "Papp, Levente"]
[Black "Sanchez Alvares, Kelvin Antonio"]
[WhiteFideId "751243"]
[BlackFideId "3906680"]
[WhiteElo "2308"]
[BlackElo "2193"]
[Result "1-0"]
[Round "11"]
[TimeControl "180+1"]
[Date "2022.07.05"]
[WhiteClock "0:00:16"]
[BlackClock "0:00:59"]

1. c4 e5 2. g3 Nf6 3. Bg2 d5 4. cxd5 Nxd5 5. Nf3 Nc6 6. O-O Nb6 7. b3 Bd6 8. Bb2 O-O 9. d4 exd4 10. Nxd4 Nxd4 11. Qxd4 f6 12. Nc3 Be5 13. Qxd8 Rxd8 14. Rad1 Re8 15. f4 Bxc3 16. Bxc3 c6 17. e4 Bg4 18. Rd2 Rad8 19. Rff2 Rd7 20. h3 Be6 21. Rxd7 Nxd7 22. Rd2 Nb6 23. Kf2 Kf7 24. g4 g6 25. Bb4 Bc8 26. Bc5 g5 27. fxg5 fxg5 28. Be3 Kg6 29. Rd6+ Be6 30. e5 h6 31. Be4+ Kf7 32. Kg3 Bc8 33. Bg6+ Ke7 34. Bxe8 Kxe8 35. Bxb6 1-0


[Site "https://www.chess.com"]

[Event "Titled Tuesday Blitz July 05 Late 2022"]
[White "Poltorak, Sebastian"]
[Black "Storme, Isak"]
[WhiteFideId "1199498"]
[BlackFideId "1728113"]
[WhiteElo "2104"]
[BlackElo "2205"]
[Result "1-0"]
[Round "11"]
[TimeControl "180+1"]
[Date "2022.07.05"]
[WhiteClock "0:00:22"]
[BlackClock "0:00:07"]

1. d4 d5 2. c4 e6 3. Nc3 Nf6 4. cxd5 Nxd5 5. e4 Nxc3 6. bxc3 c5 7. Nf3 cxd4 8. cxd4 Bb4+ 9. Bd2 Bxd2+ 10. Qxd2 O-O 11. Bc4 b6 12. O-O Bb7 13. Rfe1 Nd7 14. Rad1 Rc8 15. Bb3 h6 16. Qf4 Re8 17. h3 Qf6 18. Qg4 Qe7 19. d5 exd5 20. exd5 Qd6 21. Nd4 Nc5 22. Nf5 Qf6 23. d6 Rcd8 24. Bc2 Bc8 25. Ne7+ Kf8 26. Nxc8 Rxc8 27. Ba4 Rxe1+ 28. Rxe1 Rd8 29. d7 g6 30. Re8+ Kg7 31. Rxd8 Qxd8 32. Qd4+ Kg8 33. Bc6 Ne6 34. Qd6 Qf6 35. Bd5 Qa1+ 36. Kh2 Qd4 37. d8=Q+ Nxd8 38. Bxf7+ Kxf7 39. Qxd4 Ne6 40. Qe5 Ke7 41. h4 Kf7 42. h5 gxh5 43. Qxh5+ Kg7 44. Qe5+ Kf7 45. Qd6 Ng5 46. f4 Ne6 47. f5 Ng5 48. Qg6+ Ke7 49. Qxh6 1-0


[Site "https://www.chess.com"]